[Event "ICCopen2016"]
[Site "Internet Chess Club"]
[Date "2016.06.03"]
[Round "3"]
[White "FlashGordon"]
[Black "Koval"]
[Result "0-1"]
[ICCResult "White forfeits on time"]
[WhiteElo "1487"]
[BlackElo "1915"]
[Opening "Sicilian: dragon, Yugoslav attack, 7...O-O"]
[ECO "B76"]
[NIC "SI.17"]
[Time "19:22:53"]
[TimeControl "180+0"]

1. e4 c5 2. Nf3 d6 3. d4 cxd4 4. Nxd4 Nf6 5. Nc3 g6 6. Be3 Bg7 7. f3 O-O 8.
Qd2 Nc6 9. Nb3 Be6 10. Be2 Rc8 11. g4 Na5 12. Nd4 Bc4 13. Bh6 Bxe2 14. Ncxe2
Nc4 15. Qg5 Rc5 16. Nf5 Ne5 17. Kf2 Nexg4+ 18. fxg4 Nxe4+ 19. Kg2 Nxg5 20.
Nxg7 Rxc2 21. Rhe1 Ne4 22. Kf3 Nd2+ 23. Kg3 Qa5 24. Nf4 Rxb2 25. Rxe7 Qc3+
26. Kh4 Ne4 27. Rxe4 Rxh2+ {White forfeits on time} 0-1

[Event "ICCopen2016"]
[Site "Internet Chess Club"]
[Date "2016.06.03"]
[Round "3"]
[White "kaimann"]
[Black "Kannayya"]
[Result "1-0"]
[ICCResult "Black forfeits on time"]
[WhiteElo "1945"]
[BlackElo "1092"]
[Opening "Vienna gambit"]
[ECO "C29"]
[NIC "VG.04"]
[Time "19:23:00"]
[TimeControl "180+0"]

1. e4 e5 2. Nc3 Nf6 3. f4 exf4 4. Nf3 Nc6 5. d3 d6 6. Bxf4 Bg4 7. Be2 Bxf3
8. Bxf3 g6 9. O-O Bg7 10. Bg5 O-O 11. Nd5 Ne5 12. Be2 Ned7 13. Bg4 c6 14.
Bxd7 cxd5 15. Bh3 h6 16. Bxf6 Bxf6 17. exd5 Bg7 18. c3 Qc7 19. Qb3 Rfe8 20.
Rae1 Rxe1 21. Rxe1 Rf8 22. Qb5 a6 23. Qc4 Qb6+ 24. Kh1 Qxb2 25. d4 Qd2 26.
Rf1 Qc2 27. Qb3 Qxb3 28. axb3 Rc8 29. Rf3 Bh8 30. Bxc8 Kh7 31. Rxf7+ Bg7 32.
Rxb7 Kg8 33. Rxg7+ Kxg7 34. Bxa6 Kg8 35. b4 Kg7 36. b5 Kg8 37. b6 Kf8 38. b7
Ke8 39. b8=Q+ {Black forfeits on time} 1-0

[Event "ICCopen2016"]
[Site "Internet Chess Club"]
[Date "2016.06.03"]
[Round "3"]
[White "SPARNALIQ"]
[Black "SurferRosa"]
[Result "1-0"]
[ICCResult "Black resigns"]
[WhiteElo "2895"]
[BlackElo "2453"]
[Opening "Grünfeld: exchange variation"]
[ECO "D85"]
[NIC "GI.04"]
[Time "19:22:14"]
[TimeControl "180+0"]

1. d4 Nf6 2. c4 g6 3. Nc3 d5 4. cxd5 Nxd5 5. e4 Nxc3 6. bxc3 Bg7 7. Rb1 O-O
8. Nf3 c5 9. Be2 cxd4 10. cxd4 Qa5+ 11. Qd2 Qxd2+ 12. Bxd2 b6 13. Bd3 Ba6
14. Ke2 Rc8 15. Rhc1 Bxd3+ 16. Kxd3 Nd7 17. Rxc8+ Rxc8 18. Rc1 Rxc1 19. Bxc1
Kf8 20. Kc4 Ke8 21. a4 e6 22. h3 Nf6 23. Kd3 Bf8 24. Bg5 Nd7 25. Kc4 a6 26.
e5 h6 27. Bd2 Kd8 28. Bc3 Kc7 29. Nd2 Kc6 30. Kd3 b5 31. axb5+ axb5 32. Ne4
b4 33. Bd2 Kb5 34. g4 Nb6 35. h4 Nd5 36. h5 gxh5 37. gxh5 Ka4 38. Nd6 b3 39.
Nxf7 Ka3 40. Bc1+ b2 41. Bxb2+ Kxb2 42. Nd8 Nf4+ 43. Ke4 Nxh5 44. Nxe6 Be7
45. d5 Nf6+ 46. exf6 Bxf6 47. d6 h5 48. Kf5 Bh4 49. d7 Kc2 50. Ng5
{Black resigns}
1-0

[Event "ICCopen2016"]
[Site "Internet Chess Club"]
[Date "2016.06.03"]
[Round "3"]
[White "GodspeedR8"]
[Black "JugadaAjugada"]
[Result "1/2-1/2"]
[ICCResult "Game drawn because neither player has mating material"]
[WhiteElo "1754"]
[BlackElo "2049"]
[Opening "Robatsch (modern) defense"]
[ECO "B06"]
[NIC "KF.05"]
[Time "19:22:44"]
[TimeControl "180+0"]

1. e4 g6 2. d4 Bg7 3. Nf3 c6 4. c4 d5 5. cxd5 cxd5 6. e5 Nc6 7. Nc3 Bg4 8.
Be3 Nh6 9. h3 Bxf3 10. Qxf3 e6 11. Bb5 Nf5 12. g4 Ne7 13. Bg5 Qc7 14. Bf6
Bxf6 15. Qxf6 Rg8 16. f4 a6 17. Bxc6+ Nxc6 18. O-O-O b5 19. Kb1 Qe7 20.
Qxe7+ Kxe7 21. Rh2 f5 22. exf6+ Kxf6 23. Re2 Rae8 24. Rd3 Rgf8 25. Ree3 Ke7
26. Ne2 Kd6 27. Rc3 Rf7 28. a3 Ref8 29. b4 h6 30. Rc5 g5 31. fxg5 hxg5 32.
Rec3 Ne7 33. Rc7 Rf3 34. Nc1 Rxc3 35. Rxc3 Nc6 36. Nb3 Rf2 37. Nc5 Nxd4 38.
Nxa6 e5 39. Nc5 e4 40. Nb7+ Ke5 41. Nd8 e3 42. Rxe3+ Kd6 43. Nb7+ Kc7 44.
Nc5 Nc6 45. Re8 d4 46. Rg8 Ne5 47. Rg7+ Kd6 48. Rxg5 Nc4 49. Rg6+ Kd5 50.
Rg5+ Kc6 51. Rg6+ Kc7 52. Rg7+ Kd8 53. Ne6+ Ke8 54. Nxd4 Nxa3+ 55. Kc1 Rf4
56. Rg8+ Kf7 57. Rf8+ Kxf8 58. Ne6+ Kf7 59. Nxf4 Kf6 60. Nd5+ Ke5 61. Nc3
Kd4 62. Kb2 Nc4+ 63. Kb3 Nd2+ 64. Kc2 Nf3 65. Nxb5+ Kc4 66. Nd6+ Kxb4 67.
Nf5 Kc4 68. h4 Kd5 69. h5 Ke6 70. Kd3 Ne5+ 71. Ke4 Nxg4 72. Kf4 Nf6 73. Ng7+
Kf7 74. Kg5 Kxg7 75. h6+ Kh7 76. Kxf6 Kxh6
{Game drawn because neither player has mating material}
1/2-1/2

[Event "ICCopen2016"]
[Site "Internet Chess Club"]
[Date "2016.06.03"]
[Round "3"]
[White "Qualm"]
[Black "BitsofKoin"]
[Result "0-1"]
[ICCResult "White forfeits on time"]
[WhiteElo "1725"]
[BlackElo "2330"]
[Opening "Scandinavian: Marshall variation"]
[ECO "B01"]
[NIC "SD.03"]
[Time "19:22:33"]
[TimeControl "180+0"]

1. e4 d5 2. exd5 Nf6 3. d4 Nxd5 4. Nf3 g6 5. Bc4 Bg7 6. O-O O-O 7. c3 Nb6 8.
Bb3 Nc6 9. Bf4 a5 10. Qc1 a4 11. Bc2 Re8 12. Bh6 Bh8 13. Nbd2 e5 14. dxe5
Nxe5 15. Nxe5 Bxe5 16. Nf3 Bf6 17. Rd1 Qe7 18. Qf4 a3 19. Re1 Be6 20. bxa3
Bxc3 21. Bb3 Bxa1 22. Rxa1 Bxb3 23. axb3 Rxa3 24. Rc1 Nd5 25. Qd4 Nf6 26.
Bg5 c5 27. Qb2 Ra6 28. h4 Re6 29. h5 b6 30. hxg6 hxg6 31. b4 cxb4
{White forfeits on time}
0-1

[Event "ICCopen2016"]
[Site "Internet Chess Club"]
[Date "2016.06.03"]
[Round "3"]
[White "livis"]
[Black "mrneale"]
[Result "1-0"]
[ICCResult "Black checkmated"]
[WhiteElo "1975"]
[BlackElo "1232"]
[Opening "King's gambit"]
[ECO "C30"]
[NIC "KG.05"]
[Time "19:23:09"]
[TimeControl "180+0"]

1. e4 e5 2. f4 d6 3. Nf3 Nc6 4. Bc4 Bg4 5. O-O Nf6 6. d3 Be7 7. Nc3 O-O 8.
h3 Bh5 9. g4 Nxg4 10. hxg4 Bxg4 11. Qd2 Bxf3 12. Rxf3 Nd4 13. Rg3 Bh4 14.
Rh3 Qf6 15. f5 g6 16. Qg2 Kh8 17. Nd5 Qd8 18. c3 Nc6 19. f6 Bxf6 20. Nxf6
Qxf6 21. Bg5 Qg7 22. Bh6 Qf6 23. Rf1 Qe7 24. Bxf8 Rxf8 25. Qh2 f5 26. exf5
Rxf5 27. Rxf5 gxf5 28. Qg2 Qg7 29. Rg3 Qf8 30. Rg8+ Qxg8 31. Qxg8#
{Black checkmated}
1-0

[Event "ICCopen2016"]
[Site "Internet Chess Club"]
[Date "2016.06.03"]
[Round "3"]
[White "tonto"]
[Black "chigato"]
[Result "0-1"]
[ICCResult "White forfeits on time"]
[WhiteElo "1436"]
[BlackElo "1784"]
[Opening "Caro-Kann: exchange variation"]
[ECO "B13"]
[NIC "CK.02"]
[Time "19:22:11"]
[TimeControl "180+0"]

1. e4 c6 2. d4 d5 3. exd5 cxd5 4. Bd3 Be6 5. Bf4 Nc6 6. c3 f6 7. Qb3 Qd7 8.
Nd2 Bf7 9. Ngf3 e6 10. O-O a6 11. Rae1 Nge7 12. Qc2 Ng6 13. Bg3 Rc8 14. Qb1
Be7 15. a4 O-O 16. h4 Rfe8 17. h5 Nf8 18. Bf4 Bxh5 19. Re3 Bf7 20. Rfe1 Bd6
21. Bxd6 Qxd6 22. Nf1 Na5 23. Ng3 Nc4 24. R3e2 Qd7 25. b3 Nd6 26. Rc1 b5 27.
axb5 Nxb5 28. c4 dxc4 29. bxc4 Nd6 30. Rb2 Rc7 31. c5 Nf5 32. Nxf5 exf5 33.
Bxa6 Bg6 34. Qa2+ Bf7 35. Qa5 Ra7 36. Rcb1 Bd5 37. Nh4 Qe6 38. Rb6 Qf7 39.
Qb5 Rae7 40. Rb7 Qh5 41. g3 Qg4 {White forfeits on time} 0-1

[Event "ICCopen2016"]
[Site "Internet Chess Club"]
[Date "2016.06.03"]
[Round "3"]
[White "DukeBishop"]
[Black "wmanthony"]
[Result "0-1"]
[ICCResult "White forfeits on time"]
[WhiteElo "1601"]
[BlackElo "1390"]
[Opening "QGD: Ragozin variation"]
[ECO "D38"]
[NIC "NI.27"]
[Time "19:21:57"]
[TimeControl "180+0"]

1. c4 Nf6 2. Nf3 e6 3. Nc3 d5 4. d4 Bb4 5. Qb3 Bxc3+ 6. Qxc3 O-O 7. Bg5 Nbd7
8. e3 c6 9. Bd3 h6 10. Bh4 Qb6 11. O-O c5 12. dxc5 Qxc5 13. b4 Qc7 14. Bg3
Qd8 15. c5 Ne4 16. Bxe4 dxe4 17. Nd2 f5 18. Rfd1 Qf6 19. Qb3 Ne5 20. Bxe5
Qxe5 21. Nc4 Qc7 22. Rd2 Rd8 23. Rad1 Rxd2 24. Rxd2 Bd7 25. Rd6 Re8 26. Qd1
Bc6 27. a4 a6 28. Qd4 Bxa4 29. Nb6 Bc6 30. Qe5 Qe7 31. Nc4 Bd5 32. Nb6 Bc6
33. Nc4 Qf7 {White forfeits on time} 0-1

[Event "ICCopen2016"]
[Site "Internet Chess Club"]
[Date "2016.06.03"]
[Round "3"]
[White "cloak1"]
[Black "x22"]
[Result "0-1"]
[ICCResult "White checkmated"]
[WhiteElo "1778"]
[BlackElo "2439"]
[Opening "Old Benoni: Franco-Benoni defense"]
[ECO "C01"]
[NIC "FR.01"]
[Time "19:22:43"]
[TimeControl "180+0"]

1. e4 e6 2. d4 c5 3. d5 exd5 4. exd5 d6 5. c4 Be7 6. Nc3 Nf6 7. Nf3 a6 8.
Be2 b5 9. cxb5 O-O 10. O-O h6 11. bxa6 Bxa6 12. Bxa6 Nxa6 13. b3 Re8 14. Bb2
Bf8 15. Re1 Rxe1+ 16. Qxe1 Qd7 17. Qd2 Qf5 18. Re1 Nb4 19. a3 Nd3 20. Rd1
Nxb2 21. Qxb2 g5 22. Qb1 Qd7 23. Na4 Rb8 24. Qc2 Qb7 25. Nc3 Qxb3 26. Qxb3
Rxb3 27. Nb1 Nxd5 28. h3 Nb6 29. Nfd2 Rb2 30. Re1 d5 31. Re8 Nc4 32. Re2
Nxa3 33. Nxa3 c4 34. Nab1 d4 35. Re1 c3 36. Ne4 c2 37. Nbd2 d3 38. Kh2 Bb4
39. Rc1 f5 40. Nc4 fxe4 41. Nxb2 Bd2 42. Ra1 c1=Q 43. Rxc1 Bxc1 44. Nd1 Kf7
45. Kg3 h5 46. h4 Bf4+ 47. Kh3 g4# {White checkmated} 0-1

[Event "ICCopen2016"]
[Site "Internet Chess Club"]
[Date "2016.06.03"]
[Round "3"]
[White "edwspin"]
[Black "padmanandhini"]
[Result "0-1"]
[ICCResult "White forfeits on time"]
[WhiteElo "1597"]
[BlackElo "1512"]
[Opening "Queen's gambit accepted"]
[ECO "D20"]
[NIC "QG.03"]
[Time "19:22:20"]
[TimeControl "180+0"]

1. d4 d5 2. c4 dxc4 3. Nc3 Nf6 4. e4 Nc6 5. Nf3 Bg4 6. d5 Nd4 7. Be2 Nxf3+
8. Bxf3 Bxf3 9. Qxf3 e5 10. dxe6 fxe6 11. e5 Nd7 12. Qh5+ g6 13. Qe2 Bb4 14.
Qxc4 Bxc3+ 15. Qxc3 Qe7 16. Be3 O-O-O 17. O-O-O Qg7 18. f4 Rhf8 19. Kb1 h6
20. Rc1 Nb6 21. g3 Kb8 22. Qb3 Nd5 23. Bf2 Rfe8 24. Qa3 Nb6 25. Rhd1 Rxd1
26. Rxd1 Qg8 27. Qd3 a6 28. Rc1 Ka7 29. Bxb6+ cxb6 30. Qd6 Rd8 31. Qc7 Rc8
{White forfeits on time}
0-1

[Event "ICCopen2016"]
[Site "Internet Chess Club"]
[Date "2016.06.03"]
[Round "3"]
[White "RussianCowboy"]
[Black "Chapo2"]
[Result "1-0"]
[ICCResult "Black forfeits on time"]
[WhiteElo "1716"]
[BlackElo "2003"]
[Opening "French defense"]
[ECO "C00"]
[NIC "FR.01"]
[Time "19:23:24"]
[TimeControl "180+0"]

1. e4 e6 2. Nf3 d5 3. d3 dxe4 4. dxe4 Qxd1+ 5. Kxd1 Nc6 6. Nfd2 Bc5 7. f3
Nf6 8. Nb3 Bb6 9. a4 a5 10. N1d2 Bd7 11. Nc4 O-O-O 12. Nxb6+ cxb6 13. c3 Ne5
14. Kc2 Bc6 15. Bf4 Ng6 16. Be3 Kc7 17. Nd2 e5 18. Nc4 Nd7 19. Be2 f6 20. g3
Nc5 21. Nxb6 Kxb6 22. b4 axb4 23. cxb4 Kc7 24. Bxc5 Rd7 25. a5 Rhd8 26. Bb6+
Kc8 27. Bxd8 Rxd8 28. Rhd1 Nf8 29. Rxd8+ Kxd8 30. b5 Bd7 31. a6 bxa6 32.
bxa6 Bc6 33. Bc4 Nd7 34. a7 Nb6 35. Bd5 Nxd5 36. a8=Q+ Bxa8 37. Rxa8+ Kd7
38. exd5 Kd6 39. Ra7 g6 40. Ra5 h5 41. Kd3 {Black forfeits on time} 1-0

[Event "ICCopen2016"]
[Site "Internet Chess Club"]
[Date "2016.06.03"]
[Round "3"]
[White "carpenter"]
[Black "FidePatzer1"]
[Result "1-0"]
[ICCResult "Black resigns"]
[WhiteElo "2197"]
[BlackElo "1831"]
[Opening "Sicilian: dragon, classical attack"]
[ECO "B72"]
[NIC "SI.15"]
[Time "19:22:38"]
[TimeControl "180+0"]

1. e4 c5 2. Nf3 d6 3. d4 cxd4 4. Nxd4 Nf6 5. Nc3 g6 6. Be2 Bg7 7. Be3 a6 8.
g4 h6 9. h4 Nbd7 10. Rg1 b5 11. a3 Bb7 12. f3 Qc7 13. Qd2 Ne5 14. O-O-O Nc4
15. Bxc4 Qxc4 16. Kb1 Nd7 17. Nce2 Qc7 18. Nb3 Ne5 19. Ned4 Nc4 20. Qd3
O-O-O 21. Bf2 Na5 22. Nxa5 Qxa5 23. c4 bxc4 24. Qxc4+ Kb8 25. Qxf7 Bf6 26.
Qb3 Ka8 27. g5 hxg5 28. hxg5 Bxd4 29. Bxd4 Rh2 30. Bb6 {Black resigns} 1-0

[Event "ICCopen2016"]
[Site "Internet Chess Club"]
[Date "2016.06.03"]
[Round "3"]
[White "Capitalist"]
[Black "leonardoalmeida"]
[Result "1-0"]
[ICCResult "Black checkmated"]
[WhiteElo "1332"]
[BlackElo "1857"]
[Opening "Scandinavian (center counter) defense"]
[ECO "B01"]
[NIC "SD.01"]
[Time "19:23:06"]
[TimeControl "180+0"]

1. e4 d5 2. exd5 Qxd5 3. Nc3 Qa5 4. Bc4 c6 5. d3 Nf6 6. Bd2 Qb6 7. Rb1 Bg4
8. f3 Bh5 9. Nge2 Bg6 10. Ng3 e6 11. Nce4 Be7 12. Qe2 Nbd7 13. Be3 Qa5+ 14.
c3 O-O 15. b4 Qd8 16. O-O Ne5 17. d4 Nxc4 18. Qxc4 Nd5 19. Bd2 Nb6 20. Qe2
h6 21. f4 f5 22. Nc5 Bxc5 23. bxc5 Nd5 24. Qxe6+ Kh7 25. Qe2 b6 26. cxb6
axb6 27. Rb2 c5 28. dxc5 bxc5 29. c4 Nb4 30. Bxb4 cxb4 31. Rxb4 Qd4+ 32. Qf2
Qc3 33. Rfb1 Rfe8 34. h4 Re3 35. Ne2 Qd2 36. R1b2 Rxe2 37. Rxd2 Rxf2 38.
Kxf2 Ra3 39. Rc2 Bf7 40. c5 Bxa2 41. c6 Be6 42. c7 h5 43. Rb6 Bc8 44. Rb8
Bd7 45. c8=Q Bxc8 46. Rbxc8 Ra4 47. R8c4 Ra6 48. Kg3 Ra3+ 49. R2c3 Ra2 50.
Kh3 Rd2 51. Rc5 g6 52. Rc7+ Kh6 53. Rb7 Rd8 54. Rcc7 Rh8 55. Rg7 g5 56.
fxg5# {Black checkmated} 1-0

[Event "ICCopen2016"]
[Site "Internet Chess Club"]
[Date "2016.06.03"]
[Round "3"]
[White "tbogin1"]
[Black "VrloJakMK"]
[Result "0-1"]
[ICCResult "White forfeits on time"]
[WhiteElo "1480"]
[BlackElo "2151"]
[Opening "French: Winawer, advance, Bogolyubov variation"]
[ECO "C17"]
[NIC "FR.10"]
[Time "19:22:45"]
[TimeControl "180+0"]

1. e4 e6 2. d4 d5 3. Nc3 Bb4 4. e5 c5 5. Bd2 cxd4 6. Nb5 Bxd2+ 7. Qxd2 Nc6
8. Nd6+ Kf8 9. f4 Nh6 10. Nf3 Qb6 11. O-O-O Bd7 12. Nxd4 Nxd4 13. Qxd4 Qxd4
14. Rxd4 Bc6 15. Bd3 f6 16. exf6 gxf6 17. Re1 Ke7 18. Nf5+ Nxf5 19. Bxf5 Kd6
20. Rxe6+ Kc5 21. c3 a5 22. a3 a4 23. Rxf6 Raf8 24. Rxf8 Rxf8 25. g4 h5 26.
h3 hxg4 27. hxg4 Rh8 28. g5 Bb5 29. g6 Bc4 30. g7 Rg8 31. Bd3 Rxg7 32. Bxc4
dxc4 33. f5 Rg1+ 34. Kd2 Rf1 35. Rd7 b5 36. Rf7 Rf2+ 37. Ke3 Rxb2 38. f6 Kd6
39. Rf8 Ke6 40. Ke4 Rd2 41. f7 Ke7 {White forfeits on time} 0-1

[Event "ICCopen2016"]
[Site "Internet Chess Club"]
[Date "2016.06.03"]
[Round "3"]
[White "RJoseph12"]
[Black "PawnTerminator"]
[Result "0-1"]
[ICCResult "White checkmated"]
[WhiteElo "1261"]
[BlackElo "1662"]
[Opening "French: exchange variation"]
[ECO "C01"]
[NIC "FR.01"]
[Time "19:22:59"]
[TimeControl "180+0"]

1. e4 e6 2. d4 d5 3. exd5 exd5 4. Bd3 Nf6 5. Ne2 Bd6 6. Nbc3 O-O 7. O-O c6
8. h3 Be6 9. Bg5 Nbd7 10. Qd2 Re8 11. Rfe1 Be7 12. Bf4 Nf8 13. Ng3 Qd7 14.
Be5 Ng6 15. Qd1 Bb4 16. Bxf6 gxf6 17. Nh5 Qd8 18. Qf3 Be7 19. Qg3 Kh8 20.
Nf4 Nxf4 21. Qxf4 Rg8 22. Qh4 f5 23. Qf4 Bd6 24. Qf3 Qg5 25. Ne2 f4 26. Nc3
Rae8 27. Be2 Bf5 28. Kh1 Bxc2 29. Rg1 Be4 30. Qg4 Qxg4 31. Bxg4 f5 32. f3
fxg4 33. fxe4 dxe4 34. hxg4 Rxg4 35. Rae1 Rh4# {White checkmated} 0-1

[Event "ICCopen2016"]
[Site "Internet Chess Club"]
[Date "2016.06.03"]
[Round "3"]
[White "Fioro"]
[Black "TudoracheM"]
[Result "1-0"]
[ICCResult "Black forfeits on time"]
[WhiteElo "2337"]
[BlackElo "1743"]
[Opening "Sicilian: Pelikan, Chelyabinsk variation"]
[ECO "B33"]
[NIC "SI.37"]
[Time "19:22:36"]
[TimeControl "180+0"]

1. e4 c5 2. Nf3 Nc6 3. d4 cxd4 4. Nxd4 Nf6 5. Nc3 e5 6. Ndb5 d6 7. Bg5 a6 8.
Na3 b5 9. Nd5 Be7 10. Bxf6 Bxf6 11. c3 O-O 12. Nc2 Bg5 13. h4 Bh6 14. g4 Bf4
15. Qf3 Ra7 16. Nxf4 exf4 17. Qxf4 Ne5 18. f3 Qe7 19. O-O-O Be6 20. Kb1 Bc4
21. Nd4 Rd8 22. Nf5 Qe6 23. Bxc4 Nxc4 24. Rd5 Rb7 25. Rhd1 Rb6 26. Nd4 Qc8
27. Nf5 Qe6 28. h5 g6 29. Nd4 Qc8 30. h6 Rd7 31. Qf6 Qf8 32. Nf5
{Black forfeits on time}
1-0

[Event "ICCopen2016"]
[Site "Internet Chess Club"]
[Date "2016.06.03"]
[Round "3"]
[White "maly"]
[Black "Iturrizaga"]
[Result "0-1"]
[ICCResult "White checkmated"]
[WhiteElo "2494"]
[BlackElo "3020"]
[Opening "Queen's Indian accelerated"]
[ECO "A50"]
[NIC "QP.07"]
[Time "19:22:19"]
[TimeControl "180+0"]

1. d4 Nf6 2. c4 b6 3. Nd2 Bb7 4. Ngf3 g6 5. g3 Bg7 6. Bg2 O-O 7. O-O e6 8.
b3 d5 9. Bb2 Qe7 10. Rc1 Rd8 11. e3 Na6 12. a3 c5 13. Qe2 Rac8 14. Rfd1 Nc7
15. Ne5 Nce8 16. e4 cxd4 17. cxd5 Rxc1 18. Rxc1 exd5 19. Nc6 Bxc6 20. Rxc6
dxe4 21. Nxe4 Nxe4 22. Qxe4 Qxe4 23. Bxe4 d3 24. Bxg7 Kxg7 25. Rc1 Nf6 26.
Bf3 d2 27. Rd1 Rd3 28. Be2 Rd4 29. Bf3 Nd7 30. Kf1 Nc5 31. Ke2 Nxb3 32. Ke3
Ra4 33. Bd5 Rxa3 34. Ke2 a5 35. Rb1 a4 36. f4 f5 37. h3 Kf6 38. g4 Ke7 39.
Bg8 h6 40. g5 hxg5 41. fxg5 f4 42. h4 f3+ 43. Kf2 Nc1 44. Rxb6 d1=Q 45. Rb7+
Kd8 46. Kg3 f2+ 47. Kxf2 Rf3+ 48. Kg2 Qf1+ 49. Kh2 Rh3# {White checkmated}
0-1

[Event "ICCopen2016"]
[Site "Internet Chess Club"]
[Date "2016.06.03"]
[Round "3"]
[White "DEHO"]
[Black "fishmaster"]
[Result "0-1"]
[ICCResult "White forfeits on time"]
[WhiteElo "2199"]
[BlackElo "1649"]
[Opening "King's Indian: Sämisch, 5...O-O"]
[ECO "E81"]
[NIC "KI.48"]
[Time "19:22:05"]
[TimeControl "180+0"]

1. d4 Nf6 2. c4 g6 3. Nc3 Bg7 4. e4 d6 5. f3 O-O 6. Be3 Nbd7 7. Nh3 e5 8. d5
a5 9. Be2 Nc5 10. Nf2 Nh5 11. g3 f5 12. Qd2 fxe4 13. fxe4 Nf6 14. O-O-O Qe7
15. g4 Bd7 16. h4 a4 17. Bxc5 dxc5 18. Rdf1 a3 19. b3 Ne8 20. g5 Nd6 21. Ng4
Rxf1+ 22. Rxf1 Rf8 23. Rxf8+ Qxf8 24. Qe3 Bxg4 25. Bxg4 Qf1+ 26. Bd1 Qf4 27.
Qxf4 exf4 28. Nb1 Nxe4 29. Nxa3 Bd4 30. Nc2 Bg7 31. Bf3 Ng3 32. Kd2 Be5 33.
Kd3 Bd6 34. a3 Nf5 35. h5 Kf7 36. b4 Nh4 37. Bg4 gxh5 38. Bxh5+ Kg7 39. Ke4
h6 40. gxh6+ Kxh6 41. Be2 Kg5 42. b5 Ng6 43. a4 b6 44. Ne1 Kh4 45. Nf3+ Kg3
46. Ng5 Nh4 47. Bf3 Nxf3 48. Nxf3 Kg4 49. Nd2 Kg3 {White forfeits on time}
0-1

[Event "ICCopen2016"]
[Site "Internet Chess Club"]
[Date "2016.06.03"]
[Round "3"]
[White "ChessGeek"]
[Black "ebochess"]
[Result "1-0"]
[ICCResult "Black resigns"]
[WhiteElo "1791"]
[BlackElo "1428"]
[Opening "Caro-Kann: advance variation"]
[ECO "B12"]
[NIC "CK.04"]
[Time "19:23:09"]
[TimeControl "180+0"]

1. e4 c6 2. d4 d5 3. e5 Bf5 4. Nf3 h6 5. Be2 e6 6. O-O a6 7. Nbd2 c5 8. c3
Nc6 9. Re1 cxd4 10. cxd4 Nge7 11. Nf1 Qb6 12. Be3 Qxb2 13. N1d2 Qb6 14. Nb3
Bh7 15. Rc1 Rc8 16. Nc5 Nf5 17. Na4 Qa5 18. Nc5 Nxe3 19. fxe3 Bxc5 20. Rxc5
Qxa2 21. Qc1 O-O 22. Bd1 Be4 23. Nd2 Bg6 24. Bb3 Qa3 25. Qxa3 b6 26. Rcc1 a5
27. Ba4 Nb4 28. Rxc8 Rxc8 29. Rc1 Rxc1+ 30. Qxc1 Nd3 31. Qc8+ Kh7 32. Bc2
Nb4 33. Bxg6+ Kxg6 34. Qb7 {Black resigns} 1-0

[Event "ICCopen2016"]
[Site "Internet Chess Club"]
[Date "2016.06.03"]
[Round "3"]
[White "Rumpel"]
[Black "depressnyak"]
[Result "0-1"]
[ICCResult "White resigns"]
[WhiteElo "2649"]
[BlackElo "3206"]
[Opening "Caro-Kann: closed (Breyer) variation"]
[ECO "B10"]
[NIC "CK.01"]
[Time "19:22:43"]
[TimeControl "180+0"]

1. e4 c6 2. d3 e5 3. Nf3 Nf6 4. Nbd2 d6 5. Be2 g6 6. O-O Bg7 7. c3 O-O 8.
Re1 Re8 9. Nf1 Nbd7 10. Ng3 b6 11. Qc2 d5 12. h3 Bb7 13. Bg5 h6 14. Be3 c5
15. exd5 Nxd5 16. Bd2 Rc8 17. Rad1 Nf8 18. Bf1 Nf4 19. Nh2 N8e6 20. Bc1 f5
21. f3 Qh4 22. Qf2 Rcd8 23. Nh1 Qf6 24. Ng3 h5 25. Qc2 h4 26. Ne2 Nh5 27.
Be3 Kh7 28. Bf2 Qg5 29. Qd2 Bh6 30. Qxg5 Bxg5 31. Nc1 Nef4 32. Be3 Ng3 33.
Kf2 Kh6 34. Be2 Ngxe2 35. Nxe2 Nxd3+ 36. Rxd3 Rxd3 37. Nf1 Bxe3+ 38. Nxe3 b5
39. c4 b4 40. g3 hxg3+ 41. Nxg3 Rd2+ 42. Kg1 Rxb2 43. Rd1 Bxf3 44. Rd7 f4
45. Nef5+ gxf5 46. Nxf5+ Kg5 47. Rf7 {White resigns} 0-1

[Event "ICCopen2016"]
[Site "Internet Chess Club"]
[Date "2016.06.03"]
[Round "3"]
[White "Chess64"]
[Black "El-Kaiser"]
[Result "0-1"]
[ICCResult "White checkmated"]
[WhiteElo "1743"]
[BlackElo "2377"]
[Opening "Queen's bishop game"]
[ECO "D02"]
[NIC "QP.08"]
[Time "19:22:09"]
[TimeControl "180+0"]

1. d4 d5 2. Nf3 Nf6 3. Bf4 e6 4. e3 c5 5. c3 Nc6 6. Bd3 Be7 7. h3 b6 8. O-O
Bb7 9. Nbd2 O-O 10. Re1 h6 11. Qe2 a5 12. Ne5 Qc8 13. Rac1 Rd8 14. a3 a4 15.
Nxc6 Bxc6 16. Nf3 Bd6 17. Bxd6 Rxd6 18. Ne5 Qb7 19. f4 Ne4 20. Kh2 Be8 21.
Rf1 Rad8 22. g3 Qe7 23. Bb5 f6 24. Nf3 c4 25. Bxe8 Qxe8 26. Nd2 Nxd2 27.
Qxd2 e5 28. fxe5 fxe5 29. Rce1 e4 30. Rf2 Qe7 31. Ref1 Rg6 32. Qe2 Qg5 33.
Rg2 Rf8 34. Rf4 Rgf6 35. Rgf2 Rxf4 36. Rxf4 Rxf4 37. gxf4 Qh4 38. Kg2 Kf7
39. Qf2 Qh5 40. f5 Qd1 41. Kg3 Kf6 42. Kg2 Qh5 43. Qf4 Qg5+ 44. Qg4 Qxf5 45.
Qe2 Qg5+ 46. Kh2 Qh4 47. Qf1+ Ke7 48. Qf5 Qg5 49. Qc8 Qxe3 50. Qc7+ Kf8 51.
Qd8+ Kf7 52. Qxd5+ Kf6 53. Qe5+ Kg6 54. Qe6+ Kh7 55. Qf5+ Kg8 56. Qe6+ Kf8
57. Qd6+ Ke8 58. Qc6+ Kf7 59. Qd7+ Kf6 60. Qd6+ Kg5 61. Qe5+ Kh4 62. Qe7+ g5
63. Qe5 Qf4+ 64. Qxf4+ gxf4 65. Kg2 Kg5 66. d5 Kf5 67. Kf2 Ke5 68. h4 Kxd5
69. h5 Ke5 70. Ke2 Kf5 71. Kf2 Kg4 72. Kg2 e3 73. Kf1 f3 74. Ke1 Kxh5 75.
Kf1 Kg4 76. Ke1 h5 77. Kf1 h4 78. Kg1 h3 79. Kf1 Kg3 80. Ke1 h2 81. Kd1
h1=Q+ 82. Kc2 Qe1 83. b4 Qd2+ 84. Kb1 Qxc3 85. b5 Qd2 86. Ka1 e2 87. Kb1
e1=Q# {White checkmated} 0-1

[Event "ICCopen2016"]
[Site "Internet Chess Club"]
[Date "2016.06.03"]
[Round "3"]
[White "Cerealkiller"]
[Black "Bessel"]
[Result "1/2-1/2"]
[ICCResult "White stalemated"]
[WhiteElo "1899"]
[BlackElo "2074"]
[Opening "Nimzovich-Larsen attack: Indian variation"]
[ECO "A01"]
[NIC "VO.08"]
[Time "19:22:20"]
[TimeControl "180+0"]

1. b3 Nf6 2. Bb2 d5 3. e3 c5 4. Nf3 Nc6 5. Bb5 Bg4 6. h3 Bh5 7. g4 Bg6 8.
Ne5 Qc7 9. h4 h5 10. Nxg6 fxg6 11. g5 Nd7 12. d4 O-O-O 13. Nc3 e6 14. Qd3
cxd4 15. exd4 Bb4 16. Bxc6 Qxc6 17. Rh3 e5 18. O-O-O e4 19. Qb5 Qxb5 20.
Nxb5 a6 21. a3 Be7 22. Rc3+ Kb8 23. Nc7 Nb6 24. Ne6 Rd7 25. Nf4 Rd6 26. a4
Rf8 27. Nh3 Rc6 28. a5 Rxc3 29. Bxc3 Nd7 30. Bd2 Rf3 31. Nf4 Rxf2 32. Nxd5
Bd6 33. c4 Ba3+ 34. Kb1 Bd6 35. c5 Bc7 36. Nxc7 Kxc7 37. Be3 Rf3 38. Re1 Kc6
39. Kc2 Kd5 40. Kc3 Nb8 41. b4 Nc6 42. b5 axb5 43. Kd2 b4 44. a6 bxa6 45.
Ra1 a5 46. Rb1 Rg3 47. Ke2 Rg2+ 48. Kf1 Rc2 49. Rd1 Rc3 50. Kf2 Rd3 51. Rc1
a4 52. Bf4 a3 53. Be3 a2 54. Ra1 b3 55. Bc1 Rc3 56. Ke1 Rc2 57. Kd1 Nxd4 58.
c6 Nxc6 59. Bd2 Nd4 60. Be3 Rb2 61. Bxd4 Rb1+ 62. Rxb1 axb1=Q+ 63. Kd2 Qc2+
64. Ke3 Qd3+ 65. Kf4 Kxd4 {White stalemated} 1/2-1/2